Map: Tryton ER

Players

janesz - Winner!

  • Race: Protoss Protoss
  • League: Platinum
  • Spawn Location: 11:00

kers

  • Race: Protoss Protoss
  • League: Platinum
  • Spawn Location: 5:00

VOD

Have the link to the VOD?

Description

Time

  • Played on: March 3, 2020, 2:56 p.m.
  • Length: 18:04
Show
View Real Time Build Order
Export as new Build Order

janesz Protoss - Winner!

Build Orders: Carriers 

Get SALT Encoding   

  12  0:01  Probe  
  13  0:14  Probe  
  14  0:19  Pylon  
  14  0:26  Probe  
  15  0:38  Probe  
  15  0:40  Forge  
  16  0:50  Probe  
  16  0:52  Pylon  
  17  1:20  Photon Cannon  
  17  1:31  Probe  
  17  1:43  Gateway  
  17  2:00  Assimilator  
  17  2:03  Probe (Chrono Boost)  
  17  2:05  Assimilator  
  18  2:09  Pylon  
  18  2:13  Probe (Chrono Boost)  
  19  2:18  Probe (Chrono Boost)  
  20  2:36  Photon Cannon  
  20  2:42  Pylon  
  20  2:46  Photon Cannon  
  20  2:49  Photon Cannon  
  20  2:54  Probe  
  21  2:58  Cybernetics Core  
  21  3:06  Probe (Chrono Boost)  
  22  3:13  Photon Cannon  
  22  3:15  Pylon  
  22  3:16  Probe (Chrono Boost)  
  23  3:21  Probe (Chrono Boost)  
  24  3:31  Nexus  
  24  3:32  Probe  
  25  3:40  Stargate  
  25  3:44  Probe  
  26  3:49  Photon Cannon  
  26  4:21  Stargate  
  26  4:26  Photon Cannon  
  26  4:32  Probe, Photon Cannon  
  26  4:37  Void Ray  
  31  4:50  Shield Battery  
  31  4:54  Shield Battery  
  31  4:58  Shield Battery  
  31  5:07  Photon Cannon  
  31  5:15  Oracle (Chrono Boost)  
  31  5:17  Probe  
  35  5:25  Assimilator  
  35  5:29  Probe  
  36  5:46  Oracle (Chrono Boost)  
  39  5:52  Void Ray (Chrono Boost)  
  39  5:53  Probe  
  39  5:54  Probe  
  45  6:01  Pylon  
  45  6:05  Probe  
  46  6:15  Assimilator  
  46  6:17  Probe  
  46  6:18  Probe  
  48  6:32  Stargate  
  48  6:40  Void Ray  
  48  6:43  Probe x2  
  54  6:55  Probe x2  
  56  7:02  Void Ray  
  56  7:07  Probe  
  48  7:36  Probe x2  
  47  7:49  Probe (Chrono Boost)  
  46  8:01  Probe (Chrono Boost)  
  46  8:02  Probe (Chrono Boost)  
  48  8:10  Probe (Chrono Boost)  
  48  8:11  Probe (Chrono Boost)  
  50  8:15  Probe (Chrono Boost)  
  50  8:16  Probe (Chrono Boost)  
  52  8:27  Probe x2  
  54  8:39  Probe  
  52  8:47  Void Ray  
  53  8:52  Stargate  
  53  8:56  Pylon  
  53  9:13  Void Ray x2  
  62  9:17  Probe  
  62  9:21  Pylon  
  62  9:27  Pylon  
  62  9:30  Fleet Beacon  
  62  9:39  Probe x2  
  64  9:46  Nexus  
  64  9:51  Probe x2  
  66  10:02  Void Ray  
  66  10:03  Probe x2  
  72  10:14  Unknown  
  72  10:35  Probe  
  73  10:36  Probe  
  74  10:44  Assimilator  
  74  10:47  Probe  
  74  10:48  Probe, Assimilator  
  76  10:57  Pylon, Void Ray x2  
  76  10:59  Protoss Shields Level 1  
  76  11:00  Pylon  
  76  11:01  Pylon  
  84  11:08  Protoss Air Weapons Level 1 (Chrono Boost)  
  84  11:22  Probe (Chrono Boost)  
  85  11:32  Probe (Chrono Boost)  
  86  11:34  Void Ray (Chrono Boost)  
  86  11:37  Probe (Chrono Boost)  
  86  11:39  Void Ray (Chrono Boost)  
  95  11:48  Probe  
  96  12:00  Probe, Pylon  
  97  12:02  Pylon  
  97  12:13  Probe  
  98  12:21  Twilight Council  
  98  12:35  Carrier x3  
  116  12:38  Photon Cannon  
  116  12:40  Photon Cannon  
  116  12:46  Photon Cannon  
  96  13:09  Protoss Air Armor Level 1  
  96  13:36  Carrier  
  96  13:39  Carrier x2  
  110  14:10  Pylon  
  110  14:12  Pylon  
  110  14:13  Pylon  
  110  14:23  Probe  
  111  14:35  Probe  
  108  14:41  Carrier (Chrono Boost)  
  108  14:45  Carrier (Chrono Boost)  
  108  14:47  Probe  
  105  14:55  Carrier (Chrono Boost)  
  105  14:58  Carrier (Chrono Boost)  
  105  14:59  Probe  
  118  15:04  Stargate  
  118  15:11  Probe  
  119  15:40  Pylon  
  119  15:41  Pylon, Carrier (Chrono Boost)  
  119  15:42  Carrier (Chrono Boost)  
  131  15:43  Pylon  
  136  15:56  Tempest (Chrono Boost)  
  141  15:57  Tempest (Chrono Boost)  
  141  16:06  Tempest (Chrono Boost)  
  142  17:08  Tempest  
  159  17:12  Photon Cannon  
  159  17:15  Photon Cannon  
Show
View Real Time Build Order
Export as new Build Order

kers Protoss 

Build Orders:  

Get SALT Encoding   

  12  0:00  Probe  
  13  0:13  Probe  
  14  0:20  Pylon  
  14  0:25  Probe  
  15  0:38  Probe  
  15  0:39  Gateway  
  16  0:48  Assimilator  
  16  0:50  Probe (Chrono Boost)  
  17  1:02  Probe (Chrono Boost)  
  18  1:07  Probe (Chrono Boost)  
  19  1:18  Gateway  
  19  1:19  Probe  
  20  1:31  Probe  
  21  1:38  Zealot (Chrono Boost)  
  23  1:48  Pylon  
  23  1:50  Probe  
  23  1:59  Cybernetics Core  
  23  2:06  Zealot (Chrono Boost)  
  23  2:07  Probe  
  26  2:12  Assimilator  
  26  2:19  Probe  
  27  2:31  Probe  
  28  2:39  Stalker (Chrono Boost)  
  28  2:43  Probe  
  31  3:04  Pylon  
  31  3:06  Forge  
  31  3:09  Robotics Facility  
  31  3:21  Stalker x2  
  31  3:22  Probe  
  36  3:34  Probe  
  37  3:40  Protoss Ground Weapons Level 1 (Chrono Boost)  
  37  3:41  Gateway  
  37  3:44  Pylon  
  37  3:46  Probe, Pylon  
  38  4:02  Stalker  
  44  4:03  Immortal (Chrono Boost)  
  44  4:07  Probe  
  45  4:19  Probe  
  46  4:26  Stalker  
  46  4:27  Warp Gate  
  48  4:31  Probe  
  49  4:41  Robotics Facility  
  49  4:49  Zealot  
  52  5:06  Immortal (Chrono Boost)  
  55  5:18  Pylon  
  55  5:20  Pylon  
  55  5:36  Sentry  
  55  5:44  Warp Prism  
  55  5:48  Protoss Ground Armor Level 1  
  57  5:53  Immortal  
  61  5:59  Zealot  
  61  6:04  Pylon  
  63  6:06  Pylon  
  63  6:26  Stalker  
  63  6:28  Zealot  
  67  6:46  Stalker  
  69  6:48  Zealot  
  69  6:51  Immortal  
  75  6:59  Zealot  
  77  7:08  Zealot  
  69  7:30  Photon Cannon  
  69  7:31  Photon Cannon  
  69  7:33  Zealot x3  
  57  8:02  Nexus  
  57  8:07  Probe  
  58  8:16  Pylon  
  59  8:20  Probe  
  59  8:32  Sentry  
  59  8:41  Stalker  
  61  8:58  Probe (Chrono Boost)  
  62  9:05  Sentry x2  
  62  9:09  Probe (Chrono Boost)  
  67  9:17  Probe (Chrono Boost)  
  69  9:19  Probe (Chrono Boost)  
  69  9:23  Probe (Chrono Boost)  
  70  9:26  Probe (Chrono Boost)  
  70  9:29  Probe, Observer  
  73  9:37  Pylon  
  73  9:38  Probe (Chrono Boost)  
  74  9:40  Shield Battery  
  74  9:41  Probe (Chrono Boost)  
  75  9:50  Probe (Chrono Boost)  
  77  9:53  Probe (Chrono Boost)  
  77  9:54  Stalker  
  77  9:58  Probe x2 (Chrono Boost)  
  81  10:09  Probe x2  
  81  10:14  Assimilator  
  83  10:16  Photon Cannon  
  83  10:17  Assimilator  
  83  10:21  Probe x2, Sentry  
  87  10:32  Observer  
  87  10:34  Probe x2  
  90  10:46  Nexus  
  90  10:49  Pylon  
  90  10:58  Stalker x2  
  94  11:13  Probe  
  94  11:14  Probe  
  94  11:16  Shield Battery  
  96  11:20  Shield Battery  
  96  11:26  Probe x2  
  96  11:32  Twilight Council  
  98  11:38  Probe x2, Stalker  
  98  11:39  Stalker  
  104  11:46  Assimilator  
  104  11:51  Assimilator  
  104  11:52  Probe x2  
  106  11:57  Stalker  
  108  12:05  Probe x3 (Chrono Boost)  
  111  12:13  Blink  
  114  12:15  Probe x2 (Chrono Boost)  
  114  12:16  Probe (Chrono Boost)  
  114  12:19  Templar Archives  
  114  12:21  Probe (Chrono Boost)  
  114  12:22  Probe x2  
  117  12:33  Probe  
  117  12:34  Probe, Protoss Ground Weapons Level 2 (Chrono Boost)  
  117  12:36  Probe  
  120  12:50  Pylon  
  118  12:56  Stalker  
  118  12:57  Stalker x2  
  104  12:58  Pylon  
  80  13:14  Stalker x2  
  80  13:15  Stalker  
  80  13:22  Gateway  
  80  13:23  Gateway  
  80  13:26  Gateway  
  70  13:28  Gateway  
  70  13:36  Stalker x3  
  54  14:01  Stalker x3  
  58  14:06  Gateway  
  58  14:09  Gateway  
  58  14:10  Gateway  
  58  14:19  High Templar  
  58  14:20  High Templar  
  58  14:23  Archon  
  62  14:24  High Templar  
  62  14:25  High Templar x2  
  62  14:26  High Templar  
  62  14:28  Archon  
  62  14:30  Archon  
  70  14:32  Stalker  
  66  15:07  Nexus  
  66  15:11  Pylon  
  66  15:13  Assimilator  
  66  15:17  Assimilator  
  66  15:23  High Templar x5  
  66  15:24  High Templar  
  66  15:25  High Templar  
  66  15:27  Archon  
  66  15:28  Archon x2  
  79  15:44  Warp Prism  
  81  15:55  High Templar  
  83  16:12  Observer  
  84  16:18  High Templar x2  
  84  16:25  Probe x3  
  90  16:30  Pylon  
  91  16:33  Archon  
  91  16:37  Probe x2  
  91  16:38  Probe  
  94  16:45  Archon  
  94  16:51  High Templar x2  
  94  16:52  High Templar  
  100  16:57  Archon  
  100  16:58  High Templar  
  102  17:03  Archon  
  102  17:11  Observer  
  103  17:31  Gateway  
  103  17:33  Nexus  
  103  17:35  Gateway, Pylon  
  91  17:37  Gateway, Assimilator  
  91  17:39  High Templar x3, Assimilator  
  91  17:43  Archon  
  60  17:53  Zealot x6  
  60  17:54  Zealot  
Tags
 
Composition
Carriers
Matchup
PvP
Spawn Locations
Cross Positions
Add a new tag
Caveats
  • Supply blocks, unpowered buildings, or Contaminate may cause inaccurate times.
  • Supply counts are checked every 10 seconds.